 Dungeon Sprint DCSS version 0.22.1-2-g9c5b331383 (webtiles) character file.

2282 Groucho the Imperceptible (level 9, -8/49 HPs)
             Began as a Felid Berserker on Dec 31, 2018.
             Was the Champion of Trog.
             Mangled by the 27-headed Lernaean hydra (12 damage)
             ... in the Dungeon (Sprint I: "Red Sonja").
             The game lasted 00:09:57 (2873 turns).

Groucho the Imperceptible (Felid Berserker)         Turns: 2873, Time: 00:09:58

Health: -8/49      AC:  2    Str: 13    XL:     9   Next: 16%
Magic:  10/10      EV: 32    Int:  9    God:    Trog [******]
Gold:   3191       SH:  0    Dex: 19    Spells: 8/8 levels left
                                        Lives:  0   Deaths: 2

rFire    + + .     SeeInvis +     - Unarmed
rCold    . . .     Gourm    .   (shield unavailable)
rNeg     . . .     Faith    .   (armour unavailable)
rPois    .         Spirit   .   (helmet unavailable)
rElec    .         Reflect  .   (cloak unavailable)
rCorr    .         Harm     .   (gloves unavailable)
MR       +....     NoTele   +   (boots unavailable)
Stlth    +++++++++.             (no amulet)
HPRegen  0.16/turn              j - ring of protection from fire
MPRegen  0.12/turn              k - ring of protection from fire

@: very slightly contaminated, quick
A: very small, no armour, no weapons or thrown items, stealth, claws 1, fangs 3,
see invisible, carnivore, speed 1, shaggy fur 2, slow metabolism 1, sharp paws
a: Berserk, Trog's Hand, Brothers in Arms, Renounce Religion


You were in the Dungeon.
You worshipped Trog.
Trog was exalted by your worship.
You were not hungry.

You visited 1 branch You collected 3537 gold pieces.
You spent 346 gold pieces at shops.

Inventory:

Jewellery
 j - a ring of protection from fire (left paw)
 k - a ring of protection from fire (right paw)
Wands
 h - a wand of flame (19)
 l - a wand of clouds (2)
Scrolls
 c - a scroll of magic mapping {unknown}
 i - a scroll of amnesia {unknown}
 m - 2 scrolls of identify {unknown}
Potions
 b - 3 potions of curing
 d - 2 potions of haste
 e - 2 potions of magic
 f - a potion of berserk rage
Comestibles
 a - 2 rations


   Skills:
 + Level 12.2 Fighting
 + Level 15.3 Dodging
 + Level 23.0 Stealth
 + Level 12.2 Unarmed Combat


You had 8 spell levels left.
You didn't know any spells.
Your spell library was empty.

Dungeon Overview and Level Annotations

Branches:
Dungeon (1/1)

Altars:
Cheibriados
Dithmenos
Elyvilon
Fedhas
Gozag
Hepliaklqana
Kikubaaqudgha
Makhleb
Nemelex Xobeh
Okawaru
Qazlal
Ru
Sif Muna
Trog
Uskayaw
Vehumet
Wu Jian
Xom
Yredelemnul
Zin
The Shining One
Jiyva
Lugonu

Shops:
D %**(::[?*!=%!(([(

Annotations:
D Lernaean hydra


Innate Abilities, Weirdness & Mutations

You cannot wear armour.
You are incapable of wielding weapons or throwing items.
Your paws allow you to move quietly. (Stealth)
You have sharp claws.
You have razor-sharp teeth.
You have supernaturally acute eyesight. (SInv)
You are carnivorous and can eat meat at any time.
You cover ground quickly.
You are covered in thick fur. (AC +2)
You have a slow metabolism.
Your sharp claws are effective at attacking unaware monsters.


Message History

Aiming: Cloud Cone
Press: ? - help, Dir - move target cursor, f/p - 27-headed Lernaean hydra
Aim: the 27-headed Lernaean hydra (severely wounded)
You create a blast of flame!
The 27-headed Lernaean hydra is engulfed in blazing flames.
The 27-headed Lernaean hydra bites you!
The 27-headed Lernaean hydra bites you!!
The 27-headed Lernaean hydra completely misses you.
The 27-headed Lernaean hydra bites you. x2
* * * LOW HITPOINT WARNING * * *
The 27-headed Lernaean hydra completely misses you.
The 27-headed Lernaean hydra barely misses you.
The 27-headed Lernaean hydra bites you.
* * * LOW HITPOINT WARNING * * *
The 27-headed Lernaean hydra completely misses you.
The 27-headed Lernaean hydra bites you!
* * * LOW HITPOINT WARNING * * *
The 27-headed Lernaean hydra misses you.
The 27-headed Lernaean hydra bites you!
You die...

######################
§†.#.§+...§#|:}.@D§§§#
#§.'^§#§§.§##|}...§§§#
#####+#..§§§#####...§#
#§§§§§# #§.§§# ##§§§§#
#§§§§# ###+## #.§§§#
#§####+#§.§§#
##§#§§..##.§.#
#§§.§§.§.##..#


You could see the 27-headed Lernaean hydra.

Vanquished Creatures
  A hydra (D)
  2 centaur warriors (D)
  Sonja (D)
  2 unseen horrors (D)
  A deep troll (D)
  A lindwurm (D)
  An oklob plant (D)
  2 kobold demonologists (D)
  A demonic crawler (D)
  A hornet (D)
  A slime creature (D)
  Sigmund (D)
  2 redbacks (D)
  A yak (D)
  2 floating eyes (D)
  5 necrophages (D)
  An ogre (D)
  8 jellies (D)
  Ijyb (D)
  5 ballistomycetes (D)
40 creatures vanquished.

Vanquished Creatures (collateral kills)
  3 demonic crawlers (D)
  13 hogs (D)
  A floating eye (D)
  2 necrophages (D)
  A ballistomycete spore (D)
20 creatures vanquished.

Vanquished Creatures (others)
  A gargoyle (D)
  A ballistomycete spore (D)
2 creatures vanquished.

Grand Total: 62 creatures vanquished

Notes
Turn   | Place    | Note
-------+----------+-------------------------------------------
     0 | D        | Groucho the Felid Berserker began the quest for the Orb.
     0 | D        | Reached XP level 1. HP: 10/10 MP: 2/2
     2 | D        | Noticed Ijyb
    11 | D        | Killed Ijyb
    11 | D        | Reached skill level 8 in Stealth
    11 | D        | Reached XP level 2. HP: 1/14 MP: 3/3
   493 | D        | Noticed an ogre
   493 | D        | Killed a gargoyle
   495 | D        | Killed an ogre
   495 | D        | Reached skill level 12 in Stealth
   495 | D        | Reached XP level 3. HP: 17/17 MP: 4/4
   495 | D        | Reached XP level 4. HP: 21/21 MP: 5/5
   524 | D        | Noticed Sigmund
   526 | D        | Killed Sigmund
   526 | D        | Reached ** piety under Trog
   526 | D        | Reached skill level 16 in Stealth
   526 | D        | Reached XP level 5. HP: 24/24 MP: 6/6
   540 | D        | Found a deep blue altar of Sif Muna.
   541 | D        | Found an ornate altar of the Wu Jian Council.
   542 | D        | Found a radiant altar of Vehumet.
   546 | D        | Gained mutation: You are covered in thick fur. (AC +2)
                  | [Felid growth]
   546 | D        | Reached XP level 6. HP: 28/28 MP: 7/7
   564 | D        | Found Eqafewerph's Assorted Antiques.
   564 | D        | Found an ancient bone altar of Kikubaaqudgha.
   564 | D        | Found a hazy altar of Hepliaklqana.
   564 | D        | Found a stormy altar of Qazlal.
   564 | D        | Found a hide-covered altar of Uskayaw.
   564 | D        | Found a blossoming altar of Fedhas.
   564 | D        | Found a bloodstained altar of Trog.
   564 | D        | Found an iron altar of Okawaru.
   564 | D        | Found a basalt altar of Yredelemnul.
   564 | D        | Found a glowing golden altar of the Shining One.
   564 | D        | Found a snail-covered altar of Cheibriados.
   564 | D        | Found a sacrificial altar of Ru.
   564 | D        | Found a glowing silver altar of Zin.
   564 | D        | Found a shadowy altar of Dithmenos.
   564 | D        | Found a white marble altar of Elyvilon.
   564 | D        | Noticed a yak
   572 | D        | Killed a yak
   572 | D        | Reached skill level 18 in Stealth
   573 | D        | Found an opulent altar of Gozag.
   636 | D        | Found a sparkling altar of Nemelex Xobeh.
   667 | D        | Found a burning altar of Makhleb.
   667 | D        | Found a shimmering altar of Xom.
   667 | D        | Noticed a slime creature
   668 | D        | Found a viscous altar of Jiyva.
   668 | D        | Found a corrupted altar of Lugonu.
   670 | D        | Killed a slime creature
   670 | D        | Reached *** piety under Trog
   670 | D        | Reached skill level 5 in Dodging
   670 | D        | Reached XP level 7. HP: 23/32 MP: 8/8
   959 | D        | Noticed a centaur warrior
   959 | D        | Noticed a centaur warrior
   960 | D        | Killed a centaur warrior
   960 | D        | Reached skill level 19 in Stealth
   960 | D        | Reached XP level 8. HP: 39/39 MP: 9/9
   961 | D        | Killed a centaur warrior
   961 | D        | Reached skill level 10 in Dodging
   961 | D        | Reached skill level 20 in Stealth
   977 | D        | Noticed a hornet
   980 | D        | Killed a hornet
   980 | D        | Reached XP level 9. HP: 44/44 MP: 10/10
   991 | D        | Noticed an oklob plant
   993 | D        | Killed an oklob plant
   993 | D        | Reached **** piety under Trog
  1019 | D        | Noticed an unseen horror
  1020 | D        | Noticed an unseen horror
  1026 | D        | Killed an unseen horror
  1026 | D        | Reached skill level 21 in Stealth
  1028 | D        | Killed an unseen horror
  1028 | D        | Reached ***** piety under Trog
  1040 | D        | Reached XP level 10. HP: 51/51 MP: 11/11
  1045 | D        | Reached skill level 10 in Fighting
  1048 | D        | Reached skill level 10 in Unarmed Combat
  1341 | D        | Reached ****** piety under Trog
  1362 | D        | Found Olauzes's Weapon Shoppe.
  1362 | D        | Found Veptaara's Assorted Antiques.
  1362 | D        | Found Xosoesso's Book Boutique.
  1364 | D        | Found Vorrum's Book Emporium.
  1364 | D        | Found Rocudel's Armour Shop.
  1364 | D        | Found Vefforom's Magic Scroll Shoppe.
  1364 | D        | Found Tuad's Assorted Antiques.
  1364 | D        | Found Unooluh's Distillery.
  1364 | D        | Found Goahuh's Jewellery Shop.
  1364 | D        | Found Pila Una's Food Shoppe.
  1368 | D        | Found Akibic's Distillery.
  1369 | D        | Found Gozunan's Antique Weapon Emporium.
  1369 | D        | Found Sudass's Weapon Boutique.
  1370 | D        | Found Wiffonewn's Weapon Emporium.
  1384 | D        | Bought an uncursed ring of protection from fire for 250
                  | gold pieces
  1386 | D        | Bought an encrusted iron wand for 96 gold pieces
  1525 | D        | Noticed a deep troll
  1527 | D        | Killed a deep troll
  1533 | D        | Noticed Sonja
  1551 | D        | Killed Sonja
  1551 | D        | Reached skill level 22 in Stealth
  1813 | D        | Found Qixt's Armour Emporium.
  1841 | D        | Found Cenuduat's Food Boutique.
  2168 | D        | Noticed a lindwurm
  2172 | D        | Killed a lindwurm
  2199 | D        | Reached XP level 11. HP: 56/56 MP: 12/12
  2215 | D        | Reached skill level 15 in Dodging
  2655 | D        | Noticed a 12-headed hydra
  2657 | D        | Killed a 12-headed hydra
  2657 | D        | Reached skill level 23 in Stealth
  2727 | D        | Noticed a shadow dragon
  2727 | D        | Noticed a golden dragon
  2730 | D        | Killed from afar by a shadow dragon
  2731 | D        | Reached XP level 10. HP: -16/52 MP: 11/11
  2840 | D        | Noticed the 27-headed Lernaean hydra
  2846 | D        | Slain by the 27-headed Lernaean hydra
  2847 | D        | Reached XP level 9. HP: -1/73 MP: 10/10
  2873 | D        | Mangled by the 27-headed Lernaean hydra

Skill      XL: |  1  2  3  4  5  6  7  8  9 10 11 |
---------------+----------------------------------+-----
Stealth        | 8 12 16 18 19 20 21 22 23 | 23.0
Fighting       | 4 6 8 9 11 12 | 12.2
Dodging        | 5 8 10 12 14 15 | 15.3
Unarmed Combat | 4 6 8 9 11 12 | 12.2

Action                   |  1- 3 |  4- 6 |  7- 9 | 10-12 || total
-------------------------+-------+-------+-------+-------++-------
Melee: Unarmed           |     8 |     9 |    12 |    58 ||    87
       Bite              |       |     1 |       |     9 ||    10
       Punch             |       |       |       |     5 ||     5
Invok: Berserk           |     1 |     1 |     1 |     3 ||     6
       Brothers in Arms  |       |       |       |     6 ||     6
       Trog's Hand       |       |       |       |     2 ||     2
Evoke: Wand              |       |       |     3 |       ||     3
  Use: Scroll            |       |       |     2 |       ||     2
       Potion            |       |       |       |     5 ||     5
 Stab: Sleeping          |     2 |     3 |    10 |     6 ||    21
  Eat: Chunk             |       |     7 |     2 |     9 ||    18
Armor: Skin              |       |       |       |     3 ||     3
Dodge: Dodged            |     2 |     3 |    10 |    73 ||    88
